 Dungeon Crawl Stone Soup version 0.31.0-32-g396128a36d (webtiles) character file.

Game seed: 17202519558317277487

35 DemonSlayer the Digger (level 3, -1/24 HPs)
             Began as a Demonspawn Earth Elementalist on Apr 21, 2024.
             Incinerated by a bombardier beetle (2 damage)
             ... with a burning spray
             ... on level 3 of the Dungeon.
             The game lasted 00:04:19 (1944 turns).

DemonSlayer the Digger (DsEE)                       Turns: 1944, Time: 00:04:19

Health: -1/24      AC:  3    Str:  7    XL:     3   Next: 17%
Magic:  4/6        EV: 12    Int: 21    God:
Gold:   92         SH:  0    Dex: 14    Spells: 6/7 levels left

rFire   + . .        k - +0 short sword
rCold   . . .        (no shield)
rNeg    . . .        a - +0 robe
rPois   .            (no helmet)
rElec   .            (no cloak)
rCorr   .            (no gloves)
SInv    .            m - +0 pair of boots
Will    .....        (no amulet)
Stlth   +            (no ring)
HPRegen 0.24/turn    (no ring)
MPRegen 0.10/turn

%: no passive effects
@: brilliant, on fire, glowing
A: demonic guardian 1, big brain 1, clever 1, fire resistance 1, wild magic 1
a: no special abilities


You were on level 3 of the Dungeon.
You visited 1 branch of the dungeon, and saw 3 of its levels.

You collected 92 gold pieces.

Inventory:

Hand Weapons
 k - a +0 short sword (weapon)
Missiles
 i - a throwing net
Armour
 a - a +0 robe (worn)
 m - a +0 pair of boots (worn)
Scrolls
 e - 2 scrolls of fog
 g - a scroll of noise {unknown}
 j - a scroll of enchant armour {unknown}
 l - a scroll of enchant weapon {unknown}
Potions
 b - a potion of magic
 d - a potion of heal wounds {unknown}
 f - a potion of brilliance
 h - a potion of curing {unknown}


   Skills:
 + Level 0.1 Fighting
 + Level 0.2 Short Blades
 + Level 1.9 Dodging
 + Level 2.0 Stealth
 + Level 2.5 Spellcasting
 + Level 1.0 Conjurations
 + Level 3.2 Earth Magic


You had 6 spell levels left.
You knew the following spells:

 Your Spells              Type           Power      Damage    Failure   Level
a - Sandblast             Erth           62%        2d14      6%          1

Your spell library contained the following spells:

 Spells                   Type           Power      Damage    Failure   Level
 Passwall                 Erth           31%        N/A       16%         3
 Stone Arrow              Conj/Erth      44%        3d9       24%         3
 Dazzling Flash           Conj/Hex       18%        N/A       43%         3
 Call Canine Familiar     Summ           5%         N/A       47%         3
 Sigil of Binding         Hex            5%         N/A       47%         3
 Volatile Blastmotes      Fire/Tloc      10%        2d10      47%         3
 Brom's Barrelling Bould  Conj/Erth      22%        2d4       58%         4
 Petrify                  Alch/Erth      18%        N/A       65%         4
 Dimensional Bullseye     Hex/Tloc       2%         N/A       86%         4
 Starburst                Conj/Fire      4%         6d4       100%        6
 Maxwell's Capacitive Co  Air            2%         ∞         100%        8


Dungeon Overview and Level Annotations

Branches:
Dungeon (3/15)

Altars:


Innate Abilities, Weirdness & Mutations

A weak demonic guardian rushes to your aid.
You have an unusually large brain. (Int +2)
Your mind is acute. (Int +4, Str/Dex -1)
Your flesh is heat resistant. (rF+)
Your spells are a little harder to cast, but a little more powerful.


Message History

You can't see any susceptible monsters within range! (Use Z to cast anyway.)
You can't see any susceptible monsters within range! (Use Z to cast anyway.)
You can't see any susceptible monsters within range! (Use Z to cast anyway.)
There is an open door here.
There is an escape hatch in the ceiling here.
As you open the door, it creaks loudly!
A bombardier beetle comes into view.
The bombardier beetle sprays incendiary fluid at you.
The burning spray hits you.
You are covered in liquid fire!
Found 11 gold pieces.
You are on fire!
You are on fire!
You are on fire!
The blast of sand hits the bombardier beetle but does no damage.
The liquid fire burns you!
A demonic guardian appears!
A kobold comes into view. It is wielding a +0 short sword.
The bombardier beetle sprays incendiary fluid at you.
The burning spray hits you.
You are even more covered in liquid fire!
The blast of sand hits the bombardier beetle.
The bombardier beetle is moderately wounded.
The liquid fire burns you!
You swap places.
You shake off some of the fire as you move.
The liquid fire burns you!
* * * LOW HITPOINT WARNING * * *
A demonic guardian appears!
There is an escape hatch in the ceiling here.
It was a potion of brilliance.
You feel clever all of a sudden. The liquid fire burns you!
* * * LOW HITPOINT WARNING * * *
The bombardier beetle bites your shadow imp but does no damage.
It was a potion of mutation.
You feel extremely strange.
You feel clever.
You feel resistant to heat.
You feel less in control of your magic. The liquid fire burns you!
You die...

#.# #.##.####.......
#.###.##.# ....
#........# .$.
######.### ... #.# #B#
#.# #5# #.# ##'## #.#
##...## #.## ##.@5..##
#..## ##.......#
#####...####.........#
............'..)......+
######...####.........#
#..## ##.......## #.##
##.....## #.# ##...##
#<# #+##


You could see a bombardier beetle (ally target), a friendly quasit (summoned)
and a friendly shadow imp (summoned).

Vanquished Creatures
  4 orcs (D:3)
  A ball python (D:3)
  2 endoplasms (D:2)
  A giant cockroach (D:2)
  3 goblins
  3 hobgoblins
  2 jackals (D:2)
  A kobold (D:1)
  2 quokkas
  2 bats
  2 frilled lizards
  2 rats (D:2)
25 creatures vanquished.

Vanquished Creatures (collateral kills)
  2 endoplasms (D:2)
2 creatures vanquished.

Grand Total: 27 creatures vanquished

Notes
Turn   | Place    | Note
-------+----------+-------------------------------------------
     0 | D:1      | DemonSlayer the Demonspawn Earth Elementalist began the
                  | quest for the Orb.
     0 | D:1      | Reached XP level 1. HP: 13/13 MP: 3/3
   362 | D:1      | Reached skill level 3 in Earth Magic
   573 | D:1      | Gained mutation: A weak demonic guardian rushes to your
                  | aid. [demonic ancestry]
   573 | D:1      | Reached XP level 2. HP: 19/19 MP: 3/5
  1290 | D:2      | Found a faded altar of an unknown god.
  1685 | D:2      | Noticed a scorpion
  1826 | D:3      | Gained mutation: You have an unusually large brain. (Int
                  | +2) [demonic ancestry]
  1826 | D:3      | Reached XP level 3. HP: 24/24 MP: 1/6
  1943 | D:3      | HP: 1/24 [burnt (3)]
  1944 | D:3      | Gained mutation: Your mind is acute. (Int +4, Str/Dex -1)
                  | [potion of mutation]
  1944 | D:3      | Gained mutation: Your flesh is heat resistant. (rF+)
                  | [potion of mutation]
  1944 | D:3      | Gained mutation: Your spells are a little harder to cast,
                  | but a little more powerful. [potion of mutation]
  1944 | D:3      | Incinerated by a bombardier beetle

Illustrated notes

Levels and vault maps discovered:
D:1:      saegor_arrival_miasma, layout_basic
D:2:      layout_loops_ring, chequers_ecumenical_altar_simple
D:3:      layout_loops_corners, kennysheep_cluttered_room, serial_park_tiny_pond

Skill      XL: |  1  2 |
---------------+-------+-----
Earth Magic    | 3 |  3.2
Stealth        | 2 |  2.0
Fighting       | |  0.1
Short Blades   | |  0.2
Dodging        | |  1.9
Spellcasting   | |  2.5
Conjurations   | |  1.0

Action                     || total
---------------------------++-------
  Melee: Short sword       ||    16
   Cast: Sandblast         ||    28
    Use: Scroll            ||     1
         Potion            ||     2
   Stab: Sleeping          ||     9
 Armour: Robe              ||    12
  Dodge: Dodged            ||    16
